 Dungeon Crawl Stone Soup version 0.29.0-4-gdea44cf6ec (webtiles) character file.

Game seed: 3715984897005044967

1103 qw the Cleaver (level 8, 0/46 HPs)
             Began as a Tengu Warper on Aug 29, 2022.
             Was a Follower of Okawaru.
             Slain by a gnoll
             ... wielding a +0 mace
             ... led by a gnoll sergeant
              (2 damage)
             ... on level 6 of the Dungeon.
             The game lasted 00:01:03 (4389 turns).

qw the Cleaver (Tengu Warper)                       Turns: 4389, Time: 00:01:03

Health: 0/46       AC: 10    Str: 16    XL:     8   Next: 32%
Magic:  11/12      EV: 13    Int: 13    God:    Okawaru [*.....]
Gold:   320        SH:  0    Dex: 21    Spells: 11/11 levels left

rFire   . . .      SeeInvis .   j - +0 war axe
rCold   x . .      Faith    .   (no shield)
rNeg    . . .      Spirit   .   h - +0 chain mail
rPois   +          Reflect  .   (helmet restricted)
rElec   +          Harm     .   (no cloak)
rCorr   .          Rampage  .   (no gloves)
Will    .....                   (boots unavailable)
Stlth   ..........              f - amulet of regeneration
HPRegen 0.95/turn               d - ring of Limitation {rElec rPois rC- Str+3 Dex+6}
MPRegen 0.13/turn               (no ring)

@: about to teleport, heroic, flying quickly and evasively, quick
A: beak, talons 3, nimble flight
a: Renounce Religion, Heroism


You were on level 6 of the Dungeon.
You worshipped Okawaru.
Okawaru was aware of your devotion.
You visited 1 branch of the dungeon, and saw 6 of its levels.

You collected 320 gold pieces.


Innate Abilities, Weirdness & Mutations

You have a beak for a mouth.
You have claws for feet.
Your magical nature lets you fly swiftly and evasively.


   Skills:
 - Level 3.1(8.1) Fighting
 + Level 8.8(13.8) Axes
 - Level 1.0(6.0) Throwing
 - Level 2.5(7.5) Armour
 - Level 3.2(8.2) Dodging
 - Level 2.0 Spellcasting
 - Level 2.4 Translocations
 + Level 3.0 Invocations


You had 11 spell levels left.
You didn't know any spells.
Your spell library contained the following spells:

 Spells                   Type           Power      Damage    Failure   Level
 Blink                    Tloc           14%        N/A       88%         2
 Gell's Gravitas          Tloc           7%         N/A       98%         3
 Lesser Beckoning         Tloc           7%         N/A       98%         3
 Teleport Other           Tloc           7%         N/A       98%         3
 Manifold Assault         Tloc           7%         N/A       100%        5

Inventory:

Hand Weapons
 i - a +0 flail
 j - a +0 war axe (weapon)
Missiles
 k - 3 boomerangs (quivered)
Armour
 h - a +0 chain mail (worn)
Jewellery
 d - the ring of Limitation (left hand) {rElec rPois rC- Str+3 Dex+6}
   (You found it on level 3 of the Dungeon)

   [ring of dexterity]

   Str:       It affects your strength (+3).
   Dex:       It affects your dexterity (+6).
   rC:        It makes you vulnerable to cold.
   rElec:     It insulates you from electricity.
   rPois:     It protects you from poison.
 f - an amulet of regeneration (around neck)
Scrolls
 a - a scroll of identify
 c - 3 scrolls of teleportation
Potions
 b - a potion of resistance
 e - 2 potions of haste
 g - a potion of cancellation {unknown}
 l - 2 potions of heal wounds

Dungeon Overview and Level Annotations

Branches:
Dungeon (6/15)             Temple (0/1) D:6

Altars:
Elyvilon
Kikubaaqudgha
Okawaru


Message History

The ogre hits you with a +0 giant club!
The gnoll shouts!
You hit the ogre.
The ogre is severely wounded.
You hear a shout!
A white imp comes into view.
You hit the ogre. You claw the ogre.
The ogre is almost dead.
The ogre barely misses you.
You slash the ogre!
You kill the ogre!
Okawaru accepts your kill.
A shadow imp comes into view.
The gnoll sergeant hits you from afar with a +2 vampiric spear.
Your Invocations skill increases to level 3!
An ice beast comes into view.
You hit the gnoll sergeant.
You peck the gnoll sergeant, but do no damage.
The gnoll sergeant is lightly wounded.
The gnoll hits you from afar with a +1 spear of flaming.
The gnoll burns you.
A gnoll comes into view. It is wielding a +0 spear.
The gnoll sergeant closely misses you.
You hit the gnoll sergeant.
The gnoll sergeant is moderately wounded.
The gnoll hits you from afar with a +1 spear of flaming.
The gnoll burns you.
The gnoll sergeant blocks your attack. x2
You peck the gnoll sergeant, but do no damage.
The gnoll sergeant is moderately wounded.
You slash the gnoll!
The gnoll hits you from afar with a +1 spear of flaming.
The gnoll burns you. The gnoll hits you with a +0 mace!
The gnoll sergeant hits you with a +2 vampiric spear.
The gnoll sergeant draws strength from your wounds!
4389 ||| READING 4 scrolls of teleportation.
As you read the scroll of teleportation, it crumbles to dust.
You feel strangely unstable. The gnoll hits you but does no damage.
The gnoll hits you with a +0 mace.
You die...

# #.#.#.#.#..# #
#..#.#.#...#
###...#!#....#
.............####
.##.............#
##############.##
#.#########
#..).>.....
#..@g......
#.....gg...... #
#........g5)...
######
#..#######Y5..#
#..... .... g....
..# .# #.# ....
..#.# .. .<.
....# ... ...##


You could see an ice beast, a gnoll sergeant, 4 gnolls, a white imp and a shadow
imp.

Vanquished Creatures
  2 ogres
  2 black bears
  2 necrophages (D:6)
  A bullfrog (D:4)
  2 vampire bats (D:5)
  2 howler monkeys (D:5)
  A jelly (D:4)
  6 hounds
  3 gnolls (D:2)
  9 adders
  A river rat (D:3)
  A white imp (D:6)
  An ufetubus (D:6)
  3 worms
  2 dart slugs
  4 orcs
  4 ball pythons
  3 bat skeletons (D:5)
  3 bat zombies (D:5)
  4 endoplasms
  6 giant cockroaches
  7 goblins
  5 hobgoblins
  7 jackals
  3 quokkas
  3 bats
  A frilled lizard (D:2)
  4 kobolds
  4 rats
  A spectral kobold (D:1)
97 creatures vanquished.

Notes
Turn   | Place    | Note
-------+----------+-------------------------------------------
     0 | D:1      | qw the Tengu Warper began the quest for the Orb.
     0 | D:1      | Reached XP level 1. HP: 12/12 MP: 4/4
     0 | D:1      | 0 ||| qw: Version: 0.1-a-89-g26bdef1
     0 | D:1      | 0 ||| qw: Game counter: 3615
     0 | D:1      | 0 ||| qw: Always use a shield: true
     0 | D:1      | 0 ||| qw: God list: Okawaru
     0 | D:1      | 0 ||| qw: Allow faded altars: false
     0 | D:1      | 0 ||| qw: Do Orc after D:15 true
     0 | D:1      | 0 ||| qw: Do second Lair branch before Depths: true
     0 | D:1      | 0 ||| qw: Lair rune preference: random
     0 | D:1      | 0 ||| qw: Plans: Normal
     0 | D:1      | 0 ||| PLANNING D:1-11
    41 | D:1      | 41 ||| Stepping ~*~*~tactically~*~*~ (stealth).
   241 | D:1      | Reached skill level 3 in Axes
   241 | D:1      | Reached XP level 2. HP: 17/17 MP: 6/6
   329 | D:1      | Found a faded altar of an unknown god.
   331 | D:1      | 331 ||| Stepping ~*~*~tactically~*~*~ (water).
   837 | D:1      | 837 ||| UPGRADING to amulet of regeneration.
   842 | D:1      | 842 ||| READING 3 scrolls labelled POIKI KACKE.
   843 | D:1      | 843 ||| READING scroll labelled MAMASHR ERGHENOU.
   848 | D:1      | 848 ||| DRINKING 3 lumpy blue potions.
   849 | D:1      | 849 ||| DROPPING scroll of blinking.
   873 | D:2      | 873 ||| STAIRDANCE
   884 | D:2      | 884 ||| Stepping ~*~*~tactically~*~*~ (stealth).
   893 | D:2      | Reached XP level 3. HP: 21/21 MP: 7/7
   903 | D:2      | Reached skill level 4 in Axes
   973 | D:2      | 973 ||| Stepping ~*~*~tactically~*~*~ (stealth).
   986 | D:2      | Reached XP level 4. HP: 15/26 MP: 8/8
  1003 | D:2      | 1003 ||| DROPPING +0 whip.
  1004 | D:2      | 1004 ||| DROPPING +0 club.
  1037 | D:2      | 1037 ||| Stepping ~*~*~tactically~*~*~ (stealth).
  1045 | D:2      | Reached skill level 5 in Axes
  1047 | D:2      | 1047 ||| Stepping ~*~*~tactically~*~*~ (stealth).
  1212 | D:2      | 1212 ||| Stepping ~*~*~tactically~*~*~ (stealth).
  1316 | D:2      | 1316 ||| UPGRADING to +0 chain mail.
  1326 | D:2      | 1326 ||| DROPPING +0 leather armour.
  1327 | D:2      | 1327 ||| DRINKING 2 orange potions.
  1328 | D:2      | 1328 ||| READING 4 scrolls of identify.
  1328 | D:2      | 1328 ||| IDENTIFYING black potion
  1329 | D:2      | 1329 ||| READING 3 scrolls of identify.
  1329 | D:2      | 1329 ||| IDENTIFYING white potion
  1330 | D:2      | 1330 ||| READING 2 scrolls of identify.
  1330 | D:2      | 1330 ||| IDENTIFYING sedimented pink potion
  1331 | D:2      | 1331 ||| DROPPING potion of lignification.
  1332 | D:2      | 1332 ||| DROPPING potion of degeneration.
  1333 | D:2      | 1333 ||| DROPPING potion of attraction.
  1334 | D:2      | 1334 ||| DROPPING potion of invisibility.
  1362 | D:3      | 1362 ||| PLANNING SEWER
  1363 | D:3      | 1363 ||| STAIRDANCE
  1384 | D:3      | 1384 ||| Stepping ~*~*~tactically~*~*~ (hiding).
  1524 | D:3      | Gained mutation: Your magical nature lets you fly swiftly
                  | and evasively. [Tengu growth]
  1524 | D:3      | Reached XP level 5. HP: 19/30 MP: 9/9
  1674 | D:3      | Identified the ring of Limitation {rElec rPois rC- Str+3
                  | Dex+6}
  1887 | D:3      | Reached skill level 6 in Axes
  2095 | D:3      | Found a white marble altar of Elyvilon.
  2171 | D:3      | Found a glowing drain.
  2172 | D:3      | 2172 ||| RIP SEWER
  2172 | D:3      | 2172 ||| PLANNING D:1-11
  2218 | D:3      | 2218 ||| UPGRADING to ring of Limitation {rElec rPois rC-
                  | Str+3 Dex+6}.
  2219 | D:3      | 2219 ||| READING scroll labelled IKHLAI SEOL.
  2413 | D:4      | Reached XP level 6. HP: 35/35 MP: 10/10
  2595 | D:4      | 2595 ||| Stepping ~*~*~tactically~*~*~ (stealth).
  2734 | D:4      | Reached skill level 7 in Axes
  2759 | D:4      | Found an iron altar of Okawaru.
  2766 | D:4      | Became a worshipper of Warmaster Okawaru
  3162 | D:4      | 3162 ||| READING scroll labelled PAMUOF VILEF.
  3163 | D:4      | 3163 ||| READING scroll labelled GYNKEUR UQIUCW.
  3164 | D:4      | 3164 ||| READING scroll labelled ABBEUMM MOAZIY.
  3165 | D:4      | 3165 ||| READING 3 scrolls of identify.
  3165 | D:4      | 3165 ||| IDENTIFYING fizzy silvery potion
  3166 | D:4      | 3166 ||| READING 2 scrolls of identify.
  3166 | D:4      | 3166 ||| IDENTIFYING amethyst potion
  3167 | D:4      | 3167 ||| DROPPING potion of brilliance.
  3215 | D:5      | Entered Level 5 of the Dungeon
  3283 | D:5      | Reached skill level 3 in Fighting
  3283 | D:5      | Reached XP level 7. HP: 41/41 MP: 11/11
  3393 | D:5      | 3393 ||| Stepping ~*~*~tactically~*~*~ (stealth).
  3547 | D:5      | 3547 ||| Stepping ~*~*~tactically~*~*~ (stealth).
  3565 | D:5      | Found an ancient bone altar of Kikubaaqudgha.
  3581 | D:5      | Reached skill level 8 in Axes
  3584 | D:5      | Reached * piety under Okawaru
  3632 | D:5      | 3632 ||| Stepping ~*~*~tactically~*~*~ (stealth).
  3634 | D:5      | 3634 ||| INVOKING Heroism.
  3643 | D:5      | Reached skill level 3 in Dodging
  3643 | D:5      | Reached skill level 1 in Invocations
  3730 | D:5      | 3730 ||| Stepping ~*~*~tactically~*~*~ (stealth).
  3793 | D:5      | 3793 ||| SWAPPING to +0 war axe.
  3794 | D:5      | 3794 ||| DROPPING +1 hand axe.
  4218 | D:6      | 4218 ||| Stepping ~*~*~tactically~*~*~ (stealth).
  4240 | D:6      | 4240 ||| INVOKING Heroism.
  4241 | D:6      | 4241 ||| Stepping ~*~*~tactically~*~*~ (stealth).
  4242 | D:6      | 4242 ||| Stepping ~*~*~tactically~*~*~ (stealth).
  4246 | D:6      | 4246 ||| Stepping ~*~*~tactically~*~*~ (stealth).
  4251 | D:6      | Reached XP level 8. HP: 38/46 MP: 10/12
  4252 | D:6      | 4252 ||| Stepping ~*~*~tactically~*~*~ (stealth).
  4258 | D:6      | 4258 ||| Stepping ~*~*~tactically~*~*~ (stealth).
  4326 | D:6      | 4326 ||| INVOKING Heroism.
  4343 | D:6      | Found a staircase to the Ecumenical Temple.
  4377 | D:6      | 4377 ||| INVOKING Heroism.
  4378 | D:6      | 4378 ||| Stepping ~*~*~tactically~*~*~ (hiding).
  4385 | D:6      | Reached skill level 3 in Invocations
  4388 | D:6      | HP: 5/46 [gnoll/+0 mace[a gnoll sergeant] (7)]
  4388 | D:6      | HP: 1/46 [gnoll sergeant/+2 vampiric spear (4)]
  4389 | D:6      | 4389 ||| READING 4 scrolls of teleportation.
  4389 | D:6      | Slain by a gnoll

Levels and vault maps discovered:
D:1:      minmay_arrival_shoal_huts, layout_loops_ring,
          dreamdust_ecumenical_altar_drowned_temple
D:2:      layout_rooms
D:3:      layout_basic, mainiacjoe_overflow_brackets, gup_sewer_entry_bowl,
          serial_glass, glass_columns_c, glass_columns_a, glass_columns_a,
          serial_bayou_crossing
D:4:      layout_cave_pods, old_standard_altar
D:5:      layout_basic, kennysheep_vampire_church,
          chequers_serial_rivers_small_a
D:6:      layout_rooms, lemuel_blue_sif_altar, minmay_temple_entry_grid,
          minmay_tree_intersection, hellmonk_bongcloud_opening

Skill      XL: |  1  2  3  4  5  6  7  8 |
---------------+-------------------------+-----
Axes           | 3 4 5 6 7 8 |  8.8
Armour         | 2 |  2.5
Fighting       | 3 |  3.1
Dodging        | 3 |  3.2
Invocations    | 2 3 |  3.0
Throwing       | |  1.0
Spellcasting   | |  2.0
Translocations | |  2.4

Action                   |  1- 3 |  4- 6 |  7- 9 || total
-------------------------+-------+-------+-------++-------
Melee: Hand axe          |    61 |   158 |    39 ||   258
       Kick              |    15 |    46 |    18 ||    79
       Peck              |    12 |    28 |    13 ||    53
       Punch             |     1 |     2 |       ||     3
       War axe           |       |       |    25 ||    25
Throw: Boomerang         |     7 |       |     5 ||    12
Invok: Heroism           |       |       |     4 ||     4
  Use: Scroll            |     2 |     9 |     1 ||    12
       Potion            |     1 |     1 |       ||     2
Armor: Leather armour    |    15 |     1 |       ||    16
       Chain mail        |       |    63 |    40 ||   103
Dodge: Dodged            |    32 |    65 |    44 ||   141

Table legend:
 A = Non-vault XP
 B = Vault XP
 C = Vault XP percentage of total XP
 D = Non-vault monster count
 E = Vault monster count
 F = Vault count percentage of total count
                 A         B        C        D         E       F
            +---------+---------+-------+---------+---------+-------
      Total |    1437 |     140 |   8.9 |      85 |      12 |  12.4
            +---------+---------+-------+---------+---------+-------
        D:1 |      23 |       1 |   4.2 |      13 |       1 |   7.1
        D:2 |     109 |       0 |   0.0 |      20 |       0 |   0.0
        D:3 |      91 |      17 |  15.7 |      12 |       3 |  20.0
        D:4 |     278 |       0 |   0.0 |      22 |       0 |   0.0
        D:5 |     500 |     122 |  19.6 |      11 |       8 |  42.1
        D:6 |     436 |       0 |   0.0 |       7 |       0 |   0.0
            +---------+---------+-------+---------+---------+-------
